 Dungeon Crawl Stone Soup version 0.31-a0-369-g8eba5f6939 (webtiles) character file.

Game seed: 3728892296342417093

606 zazu2006 the Charlatan (level 7, -1/50 HPs)
             Began as a Gnoll Wanderer on July 28, 2023.
             Killed by divine providence
             ... invoked by an orc priest
              (8 damage)
             ... on level 5 of the Dungeon.
             The game lasted 00:16:39 (4008 turns).

zazu2006 the Charlatan (Gnoll Wanderer)             Turns: 4008, Time: 00:16:40

Health: -1/50      AC:  3    Str: 10    XL:     7   Next: 42%
Magic:  4/12       EV: 18    Int: 13    God:
Gold:   185        SH:  7    Dex: 13    Spells: 11/13 levels left

rFire   . . .        g - +0 dagger (elec)
rCold   . . .        e - +2 buckler
rNeg    . . .        d - +0 robe
rPois   .            (helmet restricted)
rElec   .            t - scarf {repulsion}
rCorr   .            (no gloves)
SInv    .            j - +0 pair of boots
Will    +....        (no amulet)
Stlth   ++           c - ring of willpower
HPRegen 0.28/turn    o - +5 ring of evasion
MPRegen 0.13/turn

%: repel missiles
@: no status effects
A: fangs 1, strong nose, distributed training, horns 1, frail 1, sense
surroundings 1
a: no special abilities


You were on level 5 of the Dungeon.
You visited 1 branch of the dungeon, and saw 5 of its levels.

You collected 185 gold pieces.

Inventory:

Hand Weapons
 a - a +1 dagger
 g - a +0 dagger of electrocution (weapon)
Armour
 b - a +0 helmet
 d - a +0 robe (worn)
 e - a +2 buckler (worn)
 f - a +0 cloak
 j - a +0 pair of boots (worn)
 t - a scarf of repulsion (worn)
Jewellery
 c - a ring of willpower (left hand)
 n - a ring of positive energy
 o - a +5 ring of evasion (right hand)
Wands
 p - a wand of polymorph (7)
 r - a wand of digging (5)
Scrolls
 i - a scroll of enchant armour
 k - a scroll of enchant weapon


   Skills:
 + Level 5.2 Fighting
 + Level 2.5 Short Blades
 + Level 2.5 Long Blades
 + Level 2.5 Axes
 + Level 2.5 Maces & Flails
 + Level 2.5 Polearms
 + Level 2.5 Staves
 + Level 2.5 Ranged Weapons
 + Level 2.5 Throwing
 + Level 2.5 Armour
 + Level 5.2 Dodging
 + Level 2.5 Stealth
 + Level 5.2 Shields
 + Level 2.5 Unarmed Combat
 + Level 3.8 Spellcasting
 + Level 2.0 Conjurations
 + Level 2.0 Hexes
 + Level 2.0 Summonings
 + Level 2.0 Necromancy
 + Level 2.0 Translocations
 + Level 2.0 Transmutations
 + Level 2.0 Fire Magic
 + Level 2.0 Ice Magic
 + Level 2.0 Air Magic
 + Level 2.0 Earth Magic
 + Level 3.0 Poison Magic
 + Level 2.8 Invocations
 + Level 5.2 Evocations
 + Level 2.0 Shapeshifting


You had 11 spell levels left.
You knew the following spells:

 Your Spells              Type           Power      Damage    Failure   Level
a - Poisonous Vapours     Pois/Air       18%        N/A       16%         2

Your spell library contained the following spells:

 Spells                   Type           Power      Damage    Failure   Level
 Cigotuvi's Dreadful Rot  Necr/Pois/Air  16%        N/A       17%         2
 Vhi's Electric Charge    Tloc/Air       14%        N/A       36%         3
 Arcjolt                  Conj/Air       3%         1d13      98%         5
 Plasma Beam              Fire/Air       3%         2x1d13    100%        6


Dungeon Overview and Level Annotations

Branches:
Dungeon (5/15)
 Temple: D:4-7

Altars:
Hepliaklqana
Xom
The Shining One

Shops:
D:1 (


Innate Abilities, Weirdness & Mutations

You have very sharp teeth.
Your uncanny sense of smell can sniff out nearby items.
Your experience applies equally to all skills.
You have a pair of small horns on your head.
You are frail. (-10% HP)
You passively map a small area around you.


Message History

You hear the rusting of a very distant drain.
Okay, then.
You aren't carrying any potions.
Okay, then.
A magic dart appears from out of thin air!
The magic dart hits you!
As you read the scroll of fog, it dissolves into smoke.
You block something's attack. Something hits you. You block something's attack.
You see here 12 gold pieces.
Something hits you.
Things that are here:
a +0 orcbow; a centaur corpse You block something's attack.
The adder hisses angrily.
Something hits you. The phantom attacks as you move away! The phantom hits you.
Something barely misses you.
Items here: ( )) ††.
g - a +0 dagger of electrocution Something hits you but does no damage.
The phantom misses you.
An orc wizard appears from thin air!
Reactivating autopickup.
The orc priest calls down the wrath of Beogh upon you.
Beogh smites you!
* * * LOW HITPOINT WARNING * * *
You aren't carrying any potions.
Unknown command.
You aren't carrying any potions.
You hear the crackle of electricity.
g - a +0 dagger of electrocution (weapon)
The phantom closely misses you. The phantom attacks as you move away!
You block the phantom's attack. The phantom attacks as you move away!
The phantom barely misses you.
You see here a scroll of poison.
The phantom attacks as you move away! The phantom hits you.
* * * LOW HITPOINT WARNING * * *
The orc priest calls down the wrath of Beogh upon you.
Beogh smites you!
You die...

, ....####....#........ .#
#.......................... =...
##.......................... ....
...............)............
....###..........................
.........................######..
#.....(........................ .
#.......................#......
#............o.W@<......#......
#......###.o####........#...... ,
#(..o.(####..###........#......
#....§§§§###..o.........#......
#...##§§§# ####.........# ....
.....§§§.#######.......## ,
......§....$..##)......# , +
..............##.....#... ,
..........................


You could see a phantom, an orc priest and an orc wizard.

Vanquished Creatures
  A centaur (D:5)
  An ogre (D:4)
  A phantom (D:4)
  A scorpion (D:4)
  A ballistomycete (D:5)
  2 hounds
  2 iguanas
  An orc wizard (D:4)
  4 adders
  A worm (D:2)
  15 orcs
  7 bats
  6 endoplasms
  A giant cockroach (D:1)
  9 goblins
  6 hobgoblins
  5 jackals
  6 quokkas
  3 ball pythons
  3 frilled lizards (D:1)
  4 kobolds
  14 rats
94 creatures vanquished.

Vanquished Creatures (others)
  4 ballistomycete spores (D:5)
4 creatures vanquished.

Grand Total: 98 creatures vanquished

Notes
Turn   | Place    | Note
-------+----------+-------------------------------------------
     0 | D:1      | zazu2006 the Gnoll Wanderer began the quest for the Orb.
     0 | D:1      | zazu2006 set off with the following items: a +0 dagger, a
                  | +0 helmet, a potion of heal wounds, a +0 robe, a +2
                  | buckler; and the following spells available to memorise:
                  | Poisonous Vapours, Cigotuvi's Dreadful Rot.
     0 | D:1      | Reached XP level 1. HP: 20/20 MP: 4/4
   152 | D:1      | Reached XP level 2. HP: 26/26 MP: 5/5
   155 | D:1      | Learned a level 2 spell: Poisonous Vapours
   450 | D:1      | Found Iqesefo's Weapon Boutique.
   738 | D:2      | Reached XP level 3. HP: 25/31 MP: 7/7
   929 | D:2      | Reached skill level 1 in Invocations
  1179 | D:2      | Reached skill level 1 in Short Blades
  1179 | D:2      | Reached skill level 1 in Long Blades
  1179 | D:2      | Reached skill level 1 in Axes
  1179 | D:2      | Reached skill level 1 in Maces & Flails
  1179 | D:2      | Reached skill level 1 in Polearms
  1179 | D:2      | Reached skill level 1 in Staves
  1179 | D:2      | Reached skill level 1 in Ranged Weapons
  1179 | D:2      | Reached skill level 1 in Throwing
  1179 | D:2      | Reached skill level 1 in Armour
  1179 | D:2      | Reached skill level 1 in Stealth
  1179 | D:2      | Reached skill level 1 in Unarmed Combat
  1638 | D:3      | Reached XP level 4. HP: 27/38 MP: 8/8
  1936 | D:3      | You fall into a shaft and drop 1 floor!
  1956 | D:4      | Noticed a phantom
  2017 | D:4      | Noticed an ogre
  2260 | D:3      | Reached skill level 1 in Conjurations
  2260 | D:3      | Reached skill level 1 in Hexes
  2260 | D:3      | Reached skill level 1 in Summonings
  2260 | D:3      | Reached skill level 1 in Necromancy
  2260 | D:3      | Reached skill level 1 in Translocations
  2260 | D:3      | Reached skill level 1 in Transmutations
  2260 | D:3      | Reached skill level 1 in Fire Magic
  2260 | D:3      | Reached skill level 1 in Ice Magic
  2260 | D:3      | Reached skill level 1 in Air Magic
  2260 | D:3      | Reached skill level 1 in Earth Magic
  2260 | D:3      | Reached skill level 1 in Shapeshifting
  2533 | D:4      | Killed an ogre
  2534 | D:4      | Reached XP level 5. HP: 11/43 MP: 1/9
  3054 | D:4      | Found a shimmering altar of Xom.
  3067 | D:4      | Reached XP level 6. HP: 44/50 MP: 1/11
  3219 | D:4      | Reached skill level 5 in Fighting
  3219 | D:4      | Reached skill level 5 in Dodging
  3219 | D:4      | Reached skill level 5 in Shields
  3219 | D:4      | Reached skill level 5 in Evocations
  3673 | D:5      | Entered Level 5 of the Dungeon
  3796 | D:5      | Found a glowing golden altar of the Shining One.
  3797 | D:5      | Found a hazy altar of Hepliaklqana.
  3842 | D:5      | Reached XP level 7. HP: 51/56 MP: 7/12
  3977 | D:5      | Gained mutation: You passively map a small area around you.
                  | [potion of mutation]
  3977 | D:5      | Gained mutation: You have a pair of small horns on your
                  | head. [potion of mutation]
  3977 | D:5      | Gained mutation: You are frail. (-10% HP) [potion of
                  | mutation]
  4008 | D:5      | Killed from afar by an orc priest

Illustrated notes

Levels and vault maps discovered:
D:1:      dpeg_arrival_prison, layout_basic, serial_shops, shop
D:2:      layout_loops_ring
D:3:      layout_rooms, serial_glass, glass_columns_a, glass_columns_a,
          glass_columns_b, glass_columns_a
D:4:      layout_loops_ring, lemuel_crystal_altar
D:5:      layout_basic, gammafunk_temple_overflow_pools,
          cheibrodos_sewer_entry_bend

Skill      XL: |  1  2  3  4  5  6  7 |
---------------+----------------------+-----
Poison Magic   | 2 3 |  3.0
Invocations    | 1 2 |  2.8
Short Blades   | 1 2 |  2.5
Long Blades    | 1 2 |  2.5
Axes           | 1 2 |  2.5
Maces & Flails | 1 2 |  2.5
Polearms       | 1 2 |  2.5
Staves         | 1 2 |  2.5
Ranged Weapons | 1 2 |  2.5
Throwing       | 1 2 |  2.5
Armour         | 1 2 |  2.5
Stealth        | 1 2 |  2.5
Unarmed Combat | 1 2 |  2.5
Spellcasting   | 3 |  3.8
Conjurations   | 1 2 |  2.0
Hexes          | 1 2 |  2.0
Summonings     | 1 2 |  2.0
Necromancy     | 1 2 |  2.0
Translocations | 1 2 |  2.0
Transmutations | 1 2 |  2.0
Fire Magic     | 1 2 |  2.0
Ice Magic      | 1 2 |  2.0
Air Magic      | 1 2 |  2.0
Earth Magic    | 1 2 |  2.0
Shapeshifting  | 1 2 |  2.0
Fighting       | 5 |  5.2
Dodging        | 5 |  5.2
Shields        | 5 |  5.2
Evocations     | 5 |  5.2

Action                     |  1- 3 |  4- 6 |  7- 9 || total
---------------------------+-------+-------+-------++-------
  Melee: Dagger            |   302 |   253 |    52 ||   607
         Bite              |    29 |    24 |     7 ||    60
  Throw: Dart              |       |       |     4 ||     4
   Cast: Poisonous Vapours |       |    39 |     9 ||    48
  Evoke: Wand              |       |       |     2 ||     2
    Use: Scroll            |       |     8 |     2 ||    10
         Potion            |       |     4 |     6 ||    10
   Stab: Invisible         |       |       |     3 ||     3
 Armour: Robe              |    69 |    32 |     5 ||   106
         Skin              |       |       |    34 ||    34
  Dodge: Dodged            |   163 |   128 |    46 ||   337
         Repelled          |       |       |     1 ||     1
  Block: Buckler           |   109 |    72 |    39 ||   220

Table legend: (Time is in decaauts)
 A = Elapsed time spent in this place.
 B = Non-inter-level travel time spent in this place.
 C = Inter-level travel time spent in this place.
 D = Time resting spent in this place.
 E = Time spent auto-exploring this place.
 F = Levels seen in this place.
 G = Mean time per level.
                   A        B        C        D        E       F      G
               +--------+--------+--------+--------+--------+-----+--------+
         Total |   3973 |   3822 |    151 |     47 |   2351 |   5 |  794.6 |
       Dungeon |   3973 |   3822 |    151 |     47 |   2351 |   5 |  794.6 |
               +--------+--------+--------+--------+--------+-----+--------+

Top non-repeatable levels by time:
     D:4: 1290 daAuts
     D:3: 824 daAuts
     D:2: 799 daAuts
     D:1: 731 daAuts
     D:5: 327 daAuts
